 Dungeon Crawl Stone Soup version 0.27.0-1-g7a089689b8 (webtiles) character file.

Game seed: 12122985683196346304

329 belegose the Sneak (level 6, -1/51 HPs)
             Began as a Demigod Brigand on Aug 4, 2021.
             Slain by an adder (4 damage)
             ... on level 3 of the Dungeon.
             The game lasted 00:13:58 (5820 turns).

belegose the Sneak (Demigod Brigand)                Turns: 5820, Time: 00:13:59

Health: -1/51      AC:  6    Str: 16    XL:     6   Next: 4%
Magic:  8/8        EV: 10    Int: 17    God:
Gold:   101        SH:  0    Dex: 21    Spells: 5/5 levels left

rFire    . . .     SeeInvis .   m - +0 quarterstaff
rCold    . . .     Faith    .   (shield currently unavailable)
rNeg     . . .     Spirit   .   k - +0 ring mail
rPois    .         Reflect  .   (no helmet)
rElec    .         Harm     .   r - scarf {repulsion}
rCorr    .         Rampage  .   p - +0 pair of gloves
Will     .....                  (no boots)
Stlth    ++........             (no amulet)
HPRegen  0.17/turn              g - +6 ring of dexterity
MPRegen  0.11/turn              (no ring)

@: lethally poisoned (-1 -> -5), repel missiles
A: high mp 1, forlorn
a: no special abilities


You were on level 3 of the Dungeon.
You visited 1 branch of the dungeon, and saw 4 of its levels.
You also visited: Ossuary.

You collected 101 gold pieces.

Inventory:

Hand Weapons
 a - a +2 dagger
 c - a +0 morningstar
 m - a +0 quarterstaff (weapon)
Missiles
 d - 37 poisoned darts
 e - a curare-tipped dart (quivered)
 f - 20 sling bullets
 h - 57 stones
 q - 12 boomerangs
Armour
 k - a +0 ring mail (worn)
 p - a +0 pair of gloves (worn)
 r - a scarf of repulsion (worn)
 w - a +0 pair of boots
Jewellery
 g - a +6 ring of dexterity (left hand)
Scrolls
 b - 6 scrolls of identify {unknown}
 i - 2 scrolls of amnesia {unknown}
 j - a scroll of enchant weapon {unknown}
 l - 4 scrolls of noise {unknown}
 o - a scroll of fog {unknown}
 s - a scroll of immolation {unknown}
 u - a scroll of teleportation {unknown}
 x - a scroll of vulnerability {unknown}
Potions
 n - a potion of ambrosia {unknown}
 t - a potion of might {unknown}
 v - a potion of attraction {unknown}


   Skills:
 + Level 3.0 Fighting
 + Level 3.1 Short Blades
 + Level 3.1 Throwing
 + Level 2.2 Armour
 - Level 0.8 Dodging
 + Level 4.5 Stealth


You had 5 spell levels left.
You didn't know any spells.
Your spell library contained the following spells:

 Spells                   Type           Power      Damage    Failure   Level
 Corpse Rot               Necr/Air       N/A        N/A       54%         2
 Poisonous Vapours        Pois/Air       0%         N/A       54%         2
 Freezing Cloud           Conj/Ice/Air   0%         6-21      100%        5


Dungeon Overview and Level Annotations

Branches:
Dungeon (4/15)             Temple (0/1) D:4         Ossuary (visited)

Annotations:
D:4 Eustachio


Innate Abilities, Weirdness & Mutations

Your attributes grow dramatically as you level up.
You have an increased reservoir of magic. (+10% MP)
You shall have no god before yourself.


Message History

The adder poisons you!
There is a stone staircase leading up here.
You feel sick. The adder bites you but does no damage.
You climb upwards.
You feel sick.
There is a stone staircase leading down here.
Unknown command.
You are too injured to fight recklessly!
You are too injured to fight recklessly!
You are too injured to fight recklessly!
You closely miss the adder.
You feel sick. The adder bites you. The adder bites you but does no damage.
You hit the adder.
The adder is heavily wounded.
You feel sick.
You are no longer poisoned.
The adder bites you but does no damage.
You barely miss the adder.
The adder is heavily wounded.
The adder bites you but does no damage. The adder bites you.
You are poisoned.
The adder poisons you!
You closely miss the adder.
The adder is heavily wounded.
You feel sick. The adder bites you.
* * * LOW HITPOINT WARNING * * *
The adder bites you.
* * * LOW HITPOINT WARNING * * *
You are more poisoned.
The adder poisons you!
You closely miss the adder.
The adder is heavily wounded.
* * * LOW HITPOINT WARNING * * *
You feel very sick. The adder bites you.
* * * LOW HITPOINT WARNING * * *
You closely miss the adder.
The adder is heavily wounded.
* * * LOW HITPOINT WARNING * * *
You feel sick. The adder bites you but does no damage. The adder bites you.
You die...

.................).)............#
.#####..#.##########............#
######..#.##########............#
#.................##............#
#.#####...........##............#
#.#...............##............#
#.#.##....##########...........[#
#.........######## #............#
................@# #............#
.......#.###.###S# #.......######
.#..####..##.###.# #.#######
.#.....#.........# #[#
##.###.#...#.###.# #)# #.#
#.#...#.# #.# #.############
#.###.#...#.# #)# #.............
#.....#.[.#.###o###......<......
#######............#......[..o..


You could see an adder and an orc (wandering).

Vanquished Creatures
  A centaur zombie (Ossuary)
  An orc priest (D:3)
  An iguana (D:3)
  2 orc wizards (D:3)
  2 mummies (Ossuary)
  A gnoll (D:4)
  4 adders
  A worm (D:2)
  3 dart slugs
  8 orcs
  5 bats (D:1)
  7 endoplasms
  4 giant cockroaches
  6 goblins
  14 hobgoblins
  9 jackals
  5 quokkas
  8 ball pythons
  4 frilled lizards
  9 kobolds
  5 rats
100 creatures vanquished.

Vanquished Creatures (others)
  2 plants (D:1)
  3 withered plants (Ossuary)
5 creatures vanquished.

Grand Total: 105 creatures vanquished

Notes
Turn   | Place    | Note
-------+----------+-------------------------------------------
     0 | D:1      | belegose the Demigod Brigand began the quest for the Orb.
     0 | D:1      | Reached XP level 1. HP: 17/17 MP: 3/3
   423 | D:1      | Reached XP level 2. HP: 23/24 MP: 4/4
  1124 | D:1      | Reached XP level 3. HP: 22/29 MP: 5/5
  1925 | D:2      | Reached skill level 1 in Armour
  2738 | D:2      | Reached skill level 4 in Stealth
  3496 | D:3      | Reached XP level 4. HP: 37/37 MP: 6/6
  4384 | D:3      | Reached XP level 5. HP: 42/42 MP: 7/7
  5217 | D:4      | Noticed Eustachio
  5329 | D:4      | Found a staircase to the Ecumenical Temple.
  5483 | D:4      | Found a sand-covered staircase.
  5494 | Ossuary  | Entered an ossuary
  5745 | D:4      | Reached XP level 6. HP: 51/51 MP: 8/8
  5820 | D:3      | Slain by an adder

Illustrated notes

Levels and vault maps discovered:
D:1:      minmay_arrival_arboretum_small, layout_basic,
          ebering_ecumenical_altar_sacrificial, serial_bayou_ford_a
D:2:      layout_basic, serial_rivers, chequers_serial_rivers_small_3,
          chequers_serial_rivers_micro_d, chequers_serial_rivers_large_b,
          chequers_serial_rivers_small_3, chequers_serial_rivers_micro_a
D:3:      minmay_general_purpose_star, layout_basic, minmay_misc_feat_rows,
          saegor_snake_ambush
D:4:      layout_basic, old_standard_altar, minmay_temple_entry_grid,
          serial_rivers, chequers_serial_rivers_small_3,
          chequers_serial_rivers_micro_a, chequers_serial_rivers_room_a,
          chequers_serial_rivers_small_3, chequers_serial_rivers_micro_c,
          enter_ossuary_1, uniq_eustachio

Skill      XL: |  1  2  3  4  5 |
---------------+----------------+-----
Fighting       | 2 3 |  3.0
Short Blades   | 2 3 |  3.1
Throwing       | 2 3 |  3.1
Armour         | 1 2 |  2.2
Stealth        | 4 |  4.5
Dodging        | |  0.8

Action                   |  1- 3 |  4- 6 || total
-------------------------+-------+-------++-------
Melee: Dagger            |   255 |   151 ||   406
       Quarterstaff      |       |    32 ||    32
Throw: Boomerang         |       |     6 ||     6
       Dart              |       |    13 ||    13
  Use: Potion            |       |     1 ||     1
 Stab: Sleeping          |     4 |     3 ||     7
Armor: Robe              |    29 |       ||    29
       Ring mail         |    36 |    85 ||   121
Dodge: Dodged            |   128 |    90 ||   218
